 Dungeon Crawl Stone Soup version 0.23.2-1-ga50397a (webtiles) character file.

Game seed: 57974591182539021

113 kae the Changer (level 4, -1/33 HPs)
             Began as a Demonspawn Transmuter on Apr 14, 2019.
             Slain by a black bear (2 damage)
             ... on level 4 of the Dungeon.
             The game lasted 00:03:55 (4019 turns).

kae the Changer (Demonspawn Transmuter)             Turns: 4019, Time: 00:03:56

Health: -1/33      AC:  5    Str: 11    XL:     4   Next: 65%
Magic:  5/7        EV: 11    Int: 14    God:
Gold:   169        SH:  3    Dex: 14    Spells: 1/7 levels left

rFire    + . .     SeeInvis .     - Unarmed
rCold    . . .     Gourm    .   i - +0 buckler
rNeg     . . .     Faith    .   b - +1 robe
rPois    .         Spirit   .   (no helmet)
rElec    .         Reflect  .   (no cloak)
rCorr    .         Harm     .   (no gloves)
MR       .....                  (boots currently unavailable)
Stlth    +.........             (no amulet)
HPRegen  0.11/turn              (no ring)
MPRegen  0.10/turn              (no ring)

@: appendage (expiring)
A: talons 3, rugged brown scales 2, fire resistance 1
a: End Transformation


You were on level 4 of the Dungeon.
You were not hungry.
You had grown temporary talons.
You visited 1 branch of the dungeon, and saw 4 of its levels.

You collected 169 gold pieces.

Inventory:

Missiles
 a - 47 arrows
Armour
 b - a +1 robe (worn)
 i - a +0 buckler (worn)
Scrolls
 f - 2 scrolls of remove curse
Potions
 c - 3 potions of haste
 e - 2 potions of flight {unknown}
 g - a potion of cancellation {unknown}
 h - 2 potions of curing {unknown}
 j - a potion of agility {unknown}
 l - a potion of might {unknown}
 m - a potion of degeneration {unknown}
Comestibles
 d - a ration
 k - 2 chunks of flesh


   Skills:
 - Level 1.0 Fighting
 - Level 1.7 Dodging
 - Level 2.6 Unarmed Combat
 - Level 2.0 Spellcasting
 + Level 4.5 Transmutations


You had one spell level left.
You knew the following spells:

 Your Spells              Type           Power        Failure   Level  Hunger
a - Beastly Appendage     Tmut           ##....       6%          1    ##.....
b - Sticks to Snakes      Tmut           ##......     10%         2    ###....
c - Spider Form           Tmut/Pois      #.........   43%         3    ####...

Your spell library contained the following spells:

 Spells                   Type           Power        Failure   Level  Hunger
 Ice Form                 Ice/Tmut       #.......     83%         4    #####..
 Blade Hands              Tmut           ##........   86%         5    ######.


Dungeon Overview and Level Annotations

Branches:
Dungeon (4/15)
 Temple: D:4-7

Altars:

Shops:
D:4 [


Innate Abilities, Weirdness & Mutations

You are mostly covered in rugged brown scales. (AC +2, +5% HP)
Your flesh is heat resistant. (rF+)
You have claws for feet.


Message History

Your ball python constricts the black bear.
You catch the helpless black bear completely off-guard!
You hit the black bear but do no damage.
You claw the black bear, but do no damage.
The black bear is severely wounded.
The black bear misses you. The black bear claws you.
* * * LOW HITPOINT WARNING * * *
The black bear claws you but does no damage.
Your ball python bites the black bear.
Your ball python constricts the black bear.
Some of the chunks of flesh in your inventory have rotted away.
You hit the black bear.
The black bear is almost dead.
Your ball python bites the black bear but does no damage.
Your ball python constricts the black bear.
The black bear bites you!
* * * LOW HITPOINT WARNING * * *
The black bear claws you but does no damage.
The black bear claws you.
You die...

........# ##...<.#,,,,,,,+,,,+,,
........####....###,,,,,,,*,,,*,,
..........##...##.##,,,,,**,,,**,
...<#.##...#..##...#*,,,***,,,***
#..####*#....##....#***** *,,,* *
#..,,* #.....#...!#*,,,***,,,***
##.,,** ##........#*,,,,,**,,,**,
##,,,* *#...#....#,,,,,,,*,,,*,,
**,,**#....#.S@.#,,,,,,,+,,,+,,
**,,*#...##.h..#,,,,,,,*,,,*,,
*,,....#*#....#*,,,,,**,,,**,
*,....#*.......**,,,***,,,***
**....*##.....%.*****,,,*,,**
*****,,<,,,,#.##.....,,,,*,,,,,,*
,,,,,,,,,,,,..,.......,***,,*,,,,
*****,,,,,,.#.,........,*****,,,,
* **********,,,,,,,,,,**********


You could see a black bear and a friendly ball python.

Vanquished Creatures
  2 adders
  An ooze (D:1)
  2 dart slugs
  5 worms
  2 leopard geckos
  4 orcs
  A ball python (D:3)
  2 giant cockroaches
  9 goblins
  9 hobgoblins
  6 jackals
  3 bats
  11 frilled lizards
  6 kobolds
  3 rats
66 creatures vanquished.

Vanquished Creatures (collateral kills)
  A hobgoblin (D:2)
  A jackal (D:3)
  A kobold (D:2)
  A rat (D:2)
4 creatures vanquished.

Grand Total: 70 creatures vanquished

Notes
Turn   | Place    | Note
-------+----------+-------------------------------------------
     0 | D:1      | kae the Demonspawn Transmuter began the quest for the Orb.
     0 | D:1      | Reached XP level 1. HP: 15/15 MP: 3/3
   109 | D:1      | Reached skill level 2 in Transmutations
   406 | D:1      | Gained mutation: Your flesh is heat resistant. (rF+)
                  | [demonic ancestry]
   406 | D:1      | Reached XP level 2. HP: 21/21 MP: 3/5
   410 | D:1      | Learned a level 2 spell: Sticks to Snakes
   957 | D:2      | Reached skill level 3 in Transmutations
  1003 | D:1      | Gained mutation: You are partially covered in rugged brown
                  | scales. (AC +1, +3% HP) [demonic ancestry]
  1003 | D:1      | Reached XP level 3. HP: 7/26 MP: 4/6
  2314 | D:2      | Learned a level 3 spell: Spider Form
  2346 | D:2      | Gained mutation: You are mostly covered in rugged brown
                  | scales. (AC +2, +5% HP) [demonic ancestry]
  2346 | D:2      | Reached XP level 4. HP: 3/33 MP: 5/7
  2627 | D:2      | Reached skill level 4 in Transmutations
  3722 | D:4      | Found Janwoum's Antique Armour Shop.
  4008 | D:4      | Noticed a black bear
  4019 | D:4      | HP: 1/33 [black bear (7)]
  4019 | D:4      | Slain by a black bear

Skill      XL: |  1  2  3  4 |
---------------+-------------+-----
Transmutations | 2 3 4 |  4.5
Fighting       | |  1.0
Dodging        | |  1.7
Unarmed Combat | |  2.6
Spellcasting   | |  2.0

Action                   |  1- 3 |  4- 6 || total
-------------------------+-------+-------++-------
Melee: Unarmed           |   142 |   142 ||   284
       Kick              |     2 |     3 ||     5
       Headbutt          |     2 |     1 ||     3
       Punch             |     1 |       ||     1
 Cast: Beastly Appendage |     9 |     4 ||    13
       Sticks to Snakes  |     5 |     5 ||    10
       Spider Form       |     1 |       ||     1
  Use: Scroll            |     7 |     3 ||    10
 Stab: Sleeping          |     1 |       ||     1
       Distracted        |     1 |     1 ||     2
  Eat: Chunk             |     2 |     6 ||     8
       Ration            |     1 |       ||     1
Armor: Robe              |    16 |    47 ||    63
       Skin              |     1 |       ||     1
Dodge: Dodged            |    77 |    78 ||   155
Block: Buckler           |       |    25 ||    25
